 Dungeon Crawl Stone Soup version 0.30-a0-778-g2ef04afb54 (webtiles) character file.

Game seed: 4371872348115669570

348 Iich the Chopper (level 6, -1/57 HPs)
             Began as a Hill Orc Fighter on Feb 15, 2023.
             Slain by an orc
             ... wielding a +0 trident
              (4 damage)
             ... on level 3 of the Dungeon.
             The game lasted 00:03:20 (2216 turns).

Iich the Chopper (Hill Orc Fighter)                 Turns: 2216, Time: 00:03:21

Health: -1/57      AC:  6    Str: 19    XL:     6   Next: 60%
Magic:  6/6        EV:  9    Int:  8    God:
Gold:   123        SH:  4    Dex: 12    Spells: 5/5 levels left

rFire   . . .      SeeInvis .    a - +0 war axe
rCold   . . .      Faith    .    c - +0 buckler
rNeg    . . .      Spirit   .    b - +0 scale mail
rPois   .          Reflect  .    (no helmet)
rElec   .          Harm     .    (no cloak)
rCorr   .          Rampage  .    (no gloves)
Will    .....                    (no boots) Stlth
                                 (no amulet)
HPRegen 0.29/turn                (no ring)
MPRegen 0.10/turn                (no ring)

@: no status effects
A: no striking features
a: no special abilities


You were on level 3 of the Dungeon.
You visited 1 branch of the dungeon, and saw 3 of its levels.

You collected 123 gold pieces.

Inventory:

Hand Weapons
 a - a +0 war axe (weapon)
Armour
 b - a +0 scale mail (worn)
 c - a +0 buckler (worn)
Scrolls
 g - a scroll of teleportation
 i - a scroll of vulnerability
 j - a scroll of poison
 o - a scroll of magic mapping
 r - a scroll of immolation {unknown}
Potions
 d - 2 potions of might
 e - a potion of degeneration {unknown}
 f - a potion of berserk rage {unknown}
 h - a potion of brilliance {unknown}
 k - a potion of resistance
 l - a potion of heal wounds {unknown}
 m - a potion of attraction {unknown}
 n - a potion of invisibility {unknown}
 q - a potion of magic {unknown}
 s - a potion of experience {unknown}


   Skills:
 + Level 5.7 Fighting
 * Level 7.5 Axes
 - Level 3.2 Armour
 - Level 3.2 Shields


You had 5 spell levels left.
You didn't know any spells.
Your spell library was empty.

Dungeon Overview and Level Annotations

Branches:
Dungeon (3/15)

Altars:
Trog


Message History

* * * LOW HITPOINT WARNING * * *
The goblin barely misses you.
You closely miss the orc priest.
The orc priest is almost dead.
You closely miss the goblin. The orc priest barely misses you.
The goblin hits you but does no damage.
The orc hits you from afar with a +0 trident.
* * * LOW HITPOINT WARNING * * *
The goblin hits you but does no damage. You block the orc's attack.
The orc priest hits you but does no damage.
You slash the orc priest!
You kill the orc priest!
You barely miss the goblin. The orc barely misses you.
You block the goblin's attack.
You closely miss the goblin.
The goblin is severely wounded.
The orc hits you from afar with a +0 trident!
* * * LOW HITPOINT WARNING * * *
You block the goblin's attack.
You barely miss the goblin.
The goblin is severely wounded.
The orc hits you from afar with a +0 trident.
* * * LOW HITPOINT WARNING * * *
The goblin barely misses you.
You slash the goblin!
You kill the goblin!
The orc hits you but does no damage. The orc hits you but does no damage.
Things that are here:
a +0 dagger; a goblin corpse You hit the orc but do no damage.
The orc closely misses you.
You hit the orc.
The orc is heavily wounded.
The orc barely misses you.
You barely miss the orc.
The orc is heavily wounded.
The orc hits you with a +0 trident!
* * * LOW HITPOINT WARNING * * *
The orc hits you with a +0 trident.
You die...

.#...###.###...######
.....................
..########........###
#.............#
#....#........#
#...##........#
##.###........#
###..############
#$@)).# #.o.......
#....$.....
...........
.....<.####.
.##.....# #. #.....#
. #.....#


You could see an orc.

Vanquished Creatures
  Sigmund (D:3)
  An orc priest (D:3)
  Jessica (D:2)
  Terence (D:2)
  4 adders (D:2)
  3 dart slugs (D:1)
  3 orcs (D:3)
  A ball python (D:2)
  8 endoplasms
  3 giant cockroaches
  7 goblins
  7 hobgoblins
  4 jackals (D:2)
  2 quokkas (D:2)
  11 bats
  4 frilled lizards (D:1)
  A kobold (D:3)
  9 rats
71 creatures vanquished.

Notes
Turn   | Place    | Note
-------+----------+-------------------------------------------
     0 | D:1      | Iich the Hill Orc Fighter began the quest for the Orb.
     0 | D:1      | Reached XP level 1. HP: 19/19 MP: 1/1
    57 | D:1      | Reached skill level 3 in Axes
   103 | D:1      | Reached XP level 2. HP: 27/27 MP: 2/2
   380 | D:1      | Reached skill level 4 in Axes
   469 | D:1      | Reached XP level 3. HP: 27/33 MP: 3/3
   998 | D:2      | Noticed Jessica
  1009 | D:2      | Killed Jessica
  1010 | D:2      | Reached skill level 5 in Axes
  1010 | D:2      | Reached XP level 4. HP: 29/41 MP: 4/4
  1138 | D:2      | Found a faded altar of an unknown god.
  1142 | D:2      | Noticed Terence
  1158 | D:2      | Killed Terence
  1159 | D:2      | Reached XP level 5. HP: 26/47 MP: 5/5
  1462 | D:2      | Reached skill level 5 in Fighting
  1462 | D:2      | Reached skill level 6 in Axes
  2032 | D:3      | Noticed Sigmund
  2042 | D:3      | Killed Sigmund
  2043 | D:3      | Reached skill level 7 in Axes
  2043 | D:3      | Reached XP level 6. HP: 29/56 MP: 6/6
  2171 | D:3      | Found a bloodstained altar of Trog.
  2216 | D:3      | Slain by an orc

Illustrated notes

Levels and vault maps discovered:
D:1:      lemuel_arrival_lava_pool, layout_loops_corners, minmay_pentomino_u2
D:2:      layout_loops_ring, hellmonk_ecumenical_altar_crossroads, uniq_jessica,
          uniq_terence
D:3:      layout_basic, mainiacjoe_overflow_24_doors, cheibrodos_gnoll_hut,
          uniq_sigmund

Skill      XL: |  1  2  3  4  5 |
---------------+----------------+-----
Axes           | 3 4 5 7 |  7.5
Fighting       | 4 5 |  5.7
Armour         | |  3.2
Shields        | |  3.2

Action                     |  1- 3 |  4- 6 || total
---------------------------+-------+-------++-------
  Melee: War axe           |    78 |    91 ||   169
    Use: Potion            |       |     3 ||     3
         Scroll            |       |     4 ||     4
 Armour: Scale mail        |    42 |    58 ||   100
  Dodge: Dodged            |    34 |    52 ||    86
  Block: Buckler           |    16 |    26 ||    42

Table legend: (Time is in decaauts)
 A = Elapsed time spent in this place.
 B = Non-inter-level travel time spent in this place.
 C = Inter-level travel time spent in this place.
 D = Time resting spent in this place.
 E = Time spent auto-exploring this place.
 F = Levels seen in this place.
 G = Mean time per level.
                   A        B        C        D        E       F      G
               +--------+--------+--------+--------+--------+-----+--------+
         Total |   2265 |   2222 |     43 |    105 |   1659 |   3 |  755.0 |
       Dungeon |   2265 |   2222 |     43 |    105 |   1659 |   3 |  755.0 |
               +--------+--------+--------+--------+--------+-----+--------+

Top non-repeatable levels by time:
     D:1: 961 daAuts
     D:2: 833 daAuts
     D:3: 470 daAuts
